 Dungeon Crawl Stone Soup version 0.30-b1-2-g02819fbbbe (webtiles) character file.

Game seed: 4668060108094690966

4265 Dirian the Prestidigitator (level 10, -6/84 HPs)
             Began as a Minotaur Berserker on May 19, 2023.
             Was a High Priest of Trog.
             Mangled by a gnoll sergeant
             ... wielding a +0 halberd
              (8 damage)
             ... in a bailey.
             The game lasted 00:11:27 (7044 turns).

Dirian the Prestidigitator (Minotaur Berserker)     Turns: 7044, Time: 00:11:27

Health: -6/84      AC: 11    Str: 26    XL:     10   Next: 10%
Magic:  9/9        EV:  9    Int:  4    God:    Trog [*****.]
Gold:   667        SH:  6    Dex: 16    Spells: 9/9 levels left

rFire   . . .        s - +1 war axe (heavy)
rCold   . . .        f - +1 buckler
rNeg    . . .        B - +0 chain mail
rPois   .            (helmet restricted)
rElec   .            (no cloak)
rCorr   .            (no gloves)
SInv    .            (no boots)
Will    .....        (no amulet) Stlth
                     j - +6 ring of dexterity
HPRegen 0.34/turn    d - +4 ring of slaying
MPRegen 0.11/turn

%: no passive effects
@: on berserk cooldown, slowed, very slow
A: horns 2, retaliatory headbutt
a: Renounce Religion, Berserk, Trog's Hand, Brothers in Arms


You were in a bailey.
You worshipped Trog.
Trog was extremely pleased with you.
You visited 1 branch of the dungeon, and saw 8 of its levels.
You also visited: Sewer, Ossuary and Bailey.

You collected 667 gold pieces.

Inventory:

Hand Weapons
 h - a +0 war axe
 i - a +0 morningstar
 s - a +1 heavy war axe (weapon)
Missiles
 a - 2 throwing nets
 A - 5 silver javelins (quivered)
Armour
 f - a +1 buckler (worn)
 B - a +0 chain mail (worn)
Jewellery
 d - a +4 ring of slaying (right hand)
 g - a ring of ice
 j - a +6 ring of dexterity (left hand)
 y - an amulet of faith
Wands
 r - a wand of flame (19)
 C - a wand of mindburst (8)
Scrolls
 b - a scroll of butterflies
 l - 5 scrolls of fog
 m - a scroll of brand weapon
 n - a scroll of enchant armour
 o - a scroll of fear
 t - 3 scrolls of teleportation
 u - 2 scrolls of enchant weapon
 z - 2 scrolls of blinking
Potions
 c - 2 potions of lignification
 e - a potion of magic
 k - 3 potions of attraction {unknown}
 p - 4 potions of curing {unknown}
 q - 3 potions of degeneration {unknown}
 v - 5 potions of invisibility {unknown}
 w - 5 potions of heal wounds
 x - a potion of mutation {unknown}


   Skills:
 + Level 6.8 Fighting
 + Level 9.2 Axes
 * Level 9.0 Armour
 - Level 2.1 Dodging
 + Level 3.3 Shields
 + Level 11.1 Evocations


You had 9 spell levels left.
You didn't know any spells.
Your spell library was empty.

Dungeon Overview and Level Annotations

Branches:
Dungeon (8/15) Zot: 26810  Temple (0/1) D:6           Sewer (visited)
Ossuary (visited)          Bailey (1/1) Zot: 5647
   Lair: D:8-11

Altars:
Ashenzari
Gozag
Nemelex Xobeh
Ru
Wu Jian
Xom
The Shining One

Shops:
D:4 *

Portals:
Abyss: D:6

Annotations:
D:6 2 transporters, eelars's ghost, amateur MiFi


Innate Abilities, Weirdness & Mutations

You have a pair of horns on your head.
You reflexively headbutt those who attack you in melee.


Message History

You slash the gnoll sergeant! The gnoll bouda closely misses you.
The gnoll sergeant hits you with a +0 glaive!
The gnoll sergeant barely misses you.
The gnoll sergeant hits you with a +0 halberd!
You completely miss the gnoll sergeant. You barely miss the gnoll sergeant.
You block the gnoll bouda's attack.
The gnoll sergeant hits you with a +0 glaive!
You block the gnoll sergeant's attack. The gnoll sergeant closely misses you.
You furiously retaliate!
You headbutt the gnoll sergeant! You slice the gnoll sergeant!!
You kill the gnoll sergeant!
Trog accepts your kill.
You slash the gnoll sergeant!
You kill the gnoll sergeant!
Trog accepts your kill.
You are no longer berserk.
You are exhausted.
You feel yourself slow down. The gnoll bouda closely misses you.
The wolf bites you.
* * * LOW HITPOINT WARNING * * *
The gnoll sergeant barely misses you.
Your Armour skill increases to level 9!
The wolf closely misses you. You block the gnoll bouda's attack.
You block the wolf's attack.
The gnoll sergeant hits you but does no damage.
The gnoll bouda hits you with a +0 trident!
* * * LOW HITPOINT WARNING * * *
The gnoll sergeant hits you with a +0 halberd!
* * * LOW HITPOINT WARNING * * *
The wolf completely misses you.
Things that are here:
a +0 glaive; a +0 chain mail; a gnoll corpse You slash the gnoll sergeant!
The gnoll sergeant is severely wounded.
You slice the wolf!! You closely miss the gnoll bouda.
The wolf bites you but does no damage. You block the wolf's attack.
The gnoll bouda hits you with a +0 trident.
* * * LOW HITPOINT WARNING * * *
The gnoll sergeant hits you with a +0 halberd!
You die...

♣≈.................≈♣
♣≈.######'''######.≈♣
♣≈.# #...# #.≈♣ ♣≈##
#..)#+#####≈♣ ♣≈
#..)#.....#≈♣ ♣≈
##'##....8#≈♣ ♣≈
##.).##....#≈♣ ♣≈
##.....##.g.#≈♣ ♣≈
#....)).#h@g#≈♣
#...8)..#†### ♣≈
#.......#...# ♣≈
##.....##...#≈♣ ♣≈
##...##....#≈♣ ♣≈
##'##....8#≈♣ ♣≈
#...#.....#≈♣ ♣≈##
+...'....##≈♣ ♣≈.##
#...#...##.≈♣


You could see a gnoll sergeant (swift), a wolf and a gnoll bouda.

Vanquished Creatures
  A hornet (D:7)
  Grinder (D:3)
  Sigmund (D:3)
  3 steam dragons
  A water moccasin (D:7)
  2 orc warriors
  2 ice beasts
  A wolf (Bailey)
  2 centaurs
  A phantom (D:6)
  3 kobold brigands
  4 gnoll sergeants (Bailey)
  2 scorpions
  A bullfrog (D:8)
  3 killer bees (D:7)
  A howler monkey (D:5)
  A centaur zombie (Ossuary)
  2 orc priests
  3 hounds
  A jelly (D:6)
  2 gnoll boudas (Bailey)
  2 human zombies (Ossuary)
  6 iguanas
  3 orc wizards
  2 mummies (Ossuary)
  8 gnolls
  11 adders
  3 river rats
  A white imp (D:5)
  2 ufetubi (D:4)
  3 worms (D:2)
  A dart slug (D:1)
  16 orcs
  12 ball pythons
  14 endoplasms
  4 giant cockroaches
  4 gnoll zombies (Ossuary)
  10 goblins
  3 hobgoblins
  5 jackals
  5 quokkas
  6 bats
  10 frilled lizards
  3 goblin zombies (Ossuary)
  3 hobgoblin zombies (Ossuary)
  36 kobolds
  An orc zombie (Ossuary)
  4 rats
216 creatures vanquished.

Vanquished Creatures (others)
  19 plants (Sewer)
19 creatures vanquished.

Grand Total: 235 creatures vanquished

Notes
Turn   | Place    | Note
-------+----------+-------------------------------------------
     0 | D:1      | Dirian the Minotaur Berserker began the quest for the Orb.
     0 | D:1      | Reached XP level 1. HP: 19/19 MP: 0/0
    60 | D:1      | Reached XP level 2. HP: 25/27 MP: 1/1
   354 | D:1      | Reached ** piety under Trog
   641 | D:2      | Reached XP level 3. HP: 28/33 MP: 2/2
   764 | D:2      | Identified the +9 short sword of Hemmuuwk {drain, Drain
                  | Str+5 Int+4}
   865 | D:2      | Reached XP level 4. HP: 22/41 MP: 3/3
  1034 | D:2      | Found a faded altar of an unknown god.
  1514 | D:3      | Noticed Sigmund
  1521 | D:3      | Killed Sigmund
  1522 | D:3      | Reached skill level 5 in Fighting
  1522 | D:3      | Reached skill level 5 in Axes
  1522 | D:3      | Reached XP level 5. HP: 48/48 MP: 4/4
  1586 | D:3      | Found a sacrificial altar of Ru.
  1586 | D:3      | Noticed Grinder
  1599 | D:3      | Reached XP level 6. HP: 56/56 MP: 5/5
  1671 | D:3      | Found a glowing drain.
  1682 | Sewer    | Entered a sewer
  1723 | Sewer    | Reached skill level 5 in Armour
  1958 | Sewer    | Reached *** piety under Trog
  1959 | Sewer    | Reached skill level 1 in Shields
  2740 | D:3      | Paralysed by Grinder for 5 turns
  2748 | D:3      | Killed Grinder
  2749 | D:3      | Reached XP level 7. HP: 37/62 MP: 6/6
  3257 | D:4      | Found a shimmering altar of Xom.
  3361 | D:4      | Found Waask's General Store.
  3452 | D:4      | Found a broken altar of Ashenzari.
  3732 | D:4      | Reached skill level 11 in Evocations
  3732 | D:4      | Reached XP level 8. HP: 70/70 MP: 7/7
  3758 | D:5      | Entered Level 5 of the Dungeon
  3851 | D:5      | Reached **** piety under Trog
  4155 | D:5      | Found a glowing golden altar of the Shining One.
  4199 | D:5      | Found an ornate altar of the Wu Jian Council.
  4281 | D:6      | Found a staircase to the Ecumenical Temple.
  4287 | D:6      | Reached XP level 9. HP: 54/75 MP: 8/8
  4390 | D:6      | Found an opulent altar of Gozag.
  4444 | D:6      | Found a transporter.
  4459 | D:6      | Found a transporter.
  4460 | D:6      | Noticed eelars's ghost (amateur MiFi)
  4463 | D:6      | Noticed a brown ugly thing
  4516 | D:6      | Found a one-way gate to the infinite horrors of the Abyss.
  5367 | D:7      | Found a sparkling altar of Nemelex Xobeh.
  6256 | D:8      | Reached ***** piety under Trog
  6262 | D:8      | Found a flagged portal.
  6332 | D:8      | Found a sand-covered staircase.
  6339 | Ossuary  | Entered an ossuary
  6724 | Bailey   | Entered a bailey
  6788 | Bailey   | Reached XP level 10. HP: 54/84 MP: 9/9
  7043 | Bailey   | HP: 2/84 [gnoll sergeant/+0 halberd (10)]
  7044 | Bailey   | Mangled by a gnoll sergeant

Illustrated notes

Levels and vault maps discovered:
D:1:      ncdulo_halloftheorcs, layout_basic, st_stairs_8, minmay_statues_item,
          minmay_tetromino_t2
D:2:      layout_basic, shapermc_ecumenical_altar_flowoftime,
          minmay_goblin_kobold_house
D:3:      layout_rooms, lemuel_tele_altar, gup_sewer_entry_bubbles,
          uniq_grinder, uniq_sigmund
D:4:      layout_cave_pools, tgw_xom, kennysheep_mini_moat, serial_shops, shop
D:5:      layout_basic, mainiacjoe_overflow_alcove_1,
          mainiacjoe_overflow_catwalk, feat_on_display
D:6:      layout_basic, lemuel_crystal_altar, minmay_temple_entry_grid,
          serial_rivers, chequers_serial_rivers_small_b,
          chequers_serial_rivers_micro_d, chequers_serial_rivers_micro_a,
          chequers_serial_rivers_small_3, chequers_serial_rivers_micro_e,
          chequers_serial_rivers_small_b, gammafunk_ghost_abyssal_escape,
          chequers_serial_rivers_small_b, nrook_uturn
D:7:      layout_loops_cross, nemelex_xobeh_ov_fountains_minmay, minivault_23
D:8:      layout_basic, nzn_hepliaklqana_mist_gate, serial_shops, shop,
          enter_bailey_8, serial_rivers, chequers_serial_rivers_micro_c,
          chequers_serial_rivers_micro_c, chequers_serial_rivers_micro_d,
          chequers_serial_rivers_micro_b, chequers_serial_rivers_small_3,
          enter_ossuary_2, uniq_erica
Bailey:   bailey_polearm_gnolls_kennysheep, bailey

Skill      XL: |  1  2  3  4  5  6  7  8  9 10 |
---------------+-------------------------------+-----
Axes           | 4 5 6 7 9 |  9.2
Fighting       | 4 5 6 |  6.8
Armour         | 3 4 6 8 9 |  9.0
Shields        | 1 2 3 |  3.3
Evocations     | 11 | 11.1
Dodging        | |  2.1

Action                     |  1- 3 |  4- 6 |  7- 9 | 10-12 || total
---------------------------+-------+-------+-------+-------++-------
  Melee: Hand axe          |    68 |    26 |       |       ||    94
         Headbutt          |     5 |    28 |    27 |     3 ||    63
         War axe           |       |   115 |   202 |    15 ||   332
 Invoke: Berserk           |     1 |     1 |     2 |     2 ||     6
    Use: Scroll            |       |     2 |    17 |       ||    19
         Potion            |       |       |     1 |       ||     1
 Armour: Animal skin       |    13 |       |       |       ||    13
         Ring mail         |     8 |    40 |    21 |       ||    69
         Chain mail        |       |       |    84 |     9 ||    93
  Dodge: Dodged            |    31 |    64 |   118 |    16 ||   229
  Block: Buckler           |     3 |    19 |    85 |    10 ||   117
